 Dungeon Crawl Stone Soup version 0.30-a0-639-g3916f1956a (webtiles) character file.

Game seed: 9097750829839592298

7 tio the Grave Robber (level 1, -1/13 HPs)
             Began as a Demonspawn Necromancer on Jan 16, 2023.
             Slain by an endoplasm (3 damage)
             ... on level 1 of the Dungeon.
             The game lasted 00:02:01 (126 turns).

tio the Grave Robber (Demonspawn Necromancer)        Turns: 126, Time: 00:02:02

Health: -1/13      AC:  0    Str:  8    XL:     1   Next: 91%
Magic:  3/3        EV: 12    Int: 16    God:
Gold:   14         SH:  0    Dex: 13    Spells: 3/4 levels left

rFire   . . .      SeeInvis .    d - +0 dagger
rCold   . . .      Faith    .    (no shield)
rNeg    . . .      Spirit   .    (no body armour)
rPois   .          Reflect  .    (no helmet)
rElec   .          Harm     .    (no cloak)
rCorr   .          Rampage  .    (no gloves)
Will    .....                    (no boots)
Stlth   ++                       (no amulet)
HPRegen 0.22/turn                (no ring)
MPRegen 0.08/turn                (no ring)

@: no status effects
A: no striking features
a: no special abilities


You were on level 1 of the Dungeon.
You visited 1 branch of the dungeon, and saw 1 of its levels.

You collected 14 gold pieces.

Inventory:

Hand Weapons
 d - a +0 dagger (weapon)
Armour
 a - a +0 robe
 c - a +0 chain mail
Potions
 b - a potion of magic


   Skills:
 + Level 1.8 Dodging
 + Level 1.8 Stealth
 + Level 2.0 Spellcasting
 + Level 4.7 Necromancy


You had 3 spell levels left.
You knew the following spells:

 Your Spells              Type           Power      Damage    Failure   Level
a - Necrotise             Necr           64%        1d7       3%          1

Your spell library contained the following spells:

 Spells                   Type           Power      Damage    Failure   Level
 Vampiric Draining        Necr           16%        2d7       9%          3
 Animate Dead             Necr           16%        N/A       28%         4
 Agony                    Necr           16%        N/A       63%         5


Dungeon Overview and Level Annotations

Branches:
Dungeon (1/15)

Altars:


Message History

Your hobgoblin skeleton crumbles into dust!
You open the door.
There is an open door here.
An endoplasm comes into view.
Found a scale mail.
You start removing your armour.
You continue taking off your +0 robe. x4
You finish taking off your +0 robe.
You start putting on your armour.
You continue putting on your +0 chain mail. x4
The endoplasm closely misses you.
You continue putting on your +0 chain mail.
The endoplasm barely misses you.
You finish putting on your +0 chain mail.
Casting: Necrotise (safe; 99% risk of failure)
Confirm with . or Enter, or press ? or * to list all spells.
Okay, then.
The endoplasm freezes you.
You are frozen.
Keep disrobing? [Y]es or [N]o only, please.
Keep disrobing?
You start removing your armour.
You continue taking off your +0 chain mail.
The endoplasm freezes you.
You are frozen.
* * * LOW HITPOINT WARNING * * *
You continue taking off your +0 chain mail.
The endoplasm hits you but does no damage.
You continue taking off your +0 chain mail.
The endoplasm freezes you.
You are frozen.
* * * LOW HITPOINT WARNING * * *
You continue taking off your +0 chain mail.
The endoplasm hits you but does no damage.
You finish taking off your +0 chain mail.
The endoplasm attacks as you move away! The endoplasm barely misses you.
The endoplasm jiggles.
There is an open door here.
The endoplasm attacks as you move away! The endoplasm hits you.
You die...

#.. ...# #....... #.#
#..#######...... #.#
#..##....#..... ..#
#..##....# ...
..###..##....# #.#
#..##..##....# #.#
..#.#..##....# #.#
.###....)....###J# ##
#####.......#@#######
# #.##............#
#.##............#
#..#......).....#
##..............#
###............#
#...†........#
..............#
#..............#


You could see an endoplasm.

Vanquished Creatures
  2 goblins (D:1)
  A hobgoblin (D:1)
  A kobold (D:1)
  A ball python (D:1)
5 creatures vanquished.

Vanquished Creatures (collateral kills)
  A giant cockroach (D:1)
1 creature vanquished.

Grand Total: 6 creatures vanquished

Notes
Turn   | Place    | Note
-------+----------+-------------------------------------------
     0 | D:1      | tio the Demonspawn Necromancer began the quest for the Orb.
     0 | D:1      | Reached XP level 1. HP: 13/13 MP: 3/3
   126 | D:1      | Slain by an endoplasm

Illustrated notes

Levels and vault maps discovered:
D:1:      dpeg_arrival_round_c, layout_basic,
          dreamdust_ecumenical_altar_statues, nicolae_grassy_gnolls

Action                   || total
-------------------------++-------
Melee: Dagger            ||     3
 Cast: Necrotise         ||     6
Armor: Chain mail        ||     2
       Robe              ||     1
Dodge: Dodged            ||    10

Table legend: (Time is in decaauts)
 A = Elapsed time spent in this place.
 B = Non-inter-level travel time spent in this place.
 C = Inter-level travel time spent in this place.
 D = Time resting spent in this place.
 E = Time spent auto-exploring this place.
 F = Levels seen in this place.
 G = Mean time per level.
                   A        B        C        D        E       F      G
               +--------+--------+--------+--------+--------+-----+--------+
         Total |    125 |    122 |      3 |      0 |     73 |   1 |  125.0 |
       Dungeon |    125 |    122 |      3 |      0 |     73 |   1 |  125.0 |
               +--------+--------+--------+--------+--------+-----+--------+

Top non-repeatable levels by time:
     D:1: 125 daAuts
